 Dungeon Crawl Stone Soup version 0.18-a0-1637-g109f206 (webtiles) character file.

67 Duffy the Conjurer (level 4, -1/24 HPs)
             Began as a Deep Elf Fire Elementalist on Mar 26, 2016.
             Killed from afar by an orc wizard (10 damage)
             ... with a puff of flame
             ... on level 3 of the Dungeon.
             The game lasted 00:03:04 (2519 turns).

Duffy the Conjurer (Deep Elf Fire Elementalist)     Turns: 2519, Time: 00:03:04

Health: -1/24      AC:  3    Str:  5    XL:     4   Next: 0%
Magic:  1/10       EV: 13    Int: 20    God:
Gold:   115        SH:  0    Dex: 16    Spells: 2 memorised, 5 levels left

rFire  . . .     SeeInvis .     (no weapon)
rCold  . . .     Gourm    .     a - +0 robe
rNeg   . . .     Faith    .     (no shield)
rPois  .         Spirit   .     (no helmet)
rElec  .         Dismiss  .     (no cloak)
rCorr  .         Reflect  .     r - +0 pair of gloves
SustAt .         Harm     .     (no boots)
MR     .....                    (no amulet)
Stlth  ++........               (no ring)
                                (no ring)

@: very slightly contaminated, not resistant to hostile enchantments, unstealthy
A: no striking features
a: no special abilities


You were on level 3 of the Dungeon.
You were hungry.

You visited 1 branch of the dungeon, and saw 3 of its levels.

You collected 115 gold pieces.


   Skills:
 - Level 2.4 Dodging
 - Level 2.4 Stealth
 - Level 3.0 Spellcasting
 + Level 3.8 Conjurations
 + Level 3.7 Fire Magic


You had 5 spell levels left.
You knew the following spells:

 Your Spells              Type           Power        Failure   Level  Hunger
a - Flame Tongue          Conj/Fire      ###..        2%          1    None
l - Conjure Flame         Conj/Fire      ###.....     10%         3    ###....

Inventory:

Armour
 a - a +0 robe (worn)
 r - a +0 pair of gloves (worn)
Jewellery
 h - an uncursed amulet of rage
Scrolls
 d - a scroll of teleportation {unknown}
 e - 2 scrolls of remove curse
 f - a scroll of amnesia {unknown}
 j - a scroll of recharging {unknown}
 k - a scroll of immolation {unknown}
 l - 2 scrolls of identify {unknown}
 n - a scroll of enchant weapon {unknown}
 o - a scroll of random uselessness {unknown}
 s - a scroll of magic mapping {unknown}
Potions
 g - 2 potions of curing {unknown}
 i - a potion of magic {unknown}
 m - 2 potions of heal wounds {unknown}
 p - a potion of haste {unknown}
 q - a potion of flight {unknown}
Books
 b - a book of Flames
Comestibles
 c - 2 bread rations

Dungeon Overview and Level Annotations

Branches:
Dungeon (3/15)

Altars:
Kikubaaqudgha


Message History

Press: ? - help, Shift-Dir - straight line, f/p - orc wizard
Aim: an orc wizard, wielding a dagger and wearing a robe (almost dead, fast)
The flame tongue misses the orc wizard.
The orc wizard hits you with a dagger. x2
Cast which spell? (? or * to list)
Aiming: Flame Tongue
Press: ? - help, Shift-Dir - straight line, f/p - orc wizard
Aim: an orc wizard, wielding a dagger and wearing a robe (almost dead, fast)
The flame tongue hits the orc wizard.
The orc wizard appears unharmed.
The orc wizard is almost dead.
The orc wizard closely misses you.
Cast which spell? (? or * to list)
Aiming: Flame Tongue
Press: ? - help, Shift-Dir - straight line, f/p - orc wizard
Aim: an orc wizard, wielding a dagger and wearing a robe (almost dead, fast)
You miscast Flame Tongue.
Nothing appears to happen.
The orc wizard barely misses you.
Cast which spell? (? or * to list)
Aiming: Flame Tongue
Press: ? - help, Shift-Dir - straight line, f/p - orc wizard
Aim: an orc wizard, wielding a dagger and wearing a robe (almost dead, fast)
The flame tongue hits the orc.
You kill the orc!
You have reached level 4!
You feel clever. The orc wizard hits you with a dagger.
The orc wizard points at you and mumbles some strange words.
The magic dart hits you!
Cast which spell? (? or * to list)
Aiming: Flame Tongue
Press: ? - help, Shift-Dir - straight line, f/p - orc wizard
Aim: an orc wizard, wielding a dagger and wearing a robe (almost dead, fast)
You miscast Flame Tongue.
Nothing appears to happen.
The orc wizard points at you and mumbles some strange words.
The puff of flame hits you!
You die...

### #.# #.# ###
#####.######..
###.........##.######.#
........###.##..@.oo..#
.##.......#.##..#######
.+..###.#....#..# ####
.##'###.#....#..# #..
.....##.#....#..# #.#
#.........>.....#####.##
........#.......##.....#
.....####.......##.##..#
#...............##.##..##


You could see an orc wizard and an orc.

Action                   |  1- 3 |  4- 6 || total
-------------------------+-------+-------++-------
Melee: Unarmed           |     2 |       ||     2
 Cast: Flame Tongue      |    93 |     1 ||    94
  Use: Scroll            |     1 |       ||     1
  Eat: Chunk             |     4 |       ||     4

Notes
Turn   | Place    | Note
--------------------------------------------------------------
     0 | D:1      | Duffy the Deep Elf Fire Elementalist began the quest for the Orb.
     0 | D:1      | Reached XP level 1. HP: 10/10 MP: 6/6
   186 | D:1      | Reached skill level 2 in Conjurations
   230 | D:1      | Reached XP level 2. HP: 15/15 MP: 5/8
   663 | D:1      | Reached skill level 3 in Conjurations
  1168 | D:2      | Reached XP level 3. HP: 19/19 MP: 6/9
  1173 | D:2      | Learned a level 3 spell: Conjure Flame
  1325 | D:2      | Found an ancient bone altar of Kikubaaqudgha.
  2517 | D:3      | Reached XP level 4. HP: 15/24 MP: 1/10
  2519 | D:3      | Killed from afar by an orc wizard

Vault maps used:
D:1:      roderic_chinese_lattice_arrival
D:2:      kiku_gazebo_garden_becter, first_bread
D:3:      portal_sewer_entry_b, item_on_display_a

Vanquished Creatures
  An adder
  A worm
  2 giant geckos
  2 orcs
  5 giant cockroaches
  4 hobgoblins
  4 jackals
  7 bats
  2 giant newts
  6 goblins
  9 kobolds
  7 rats
50 creatures vanquished.
